 Dungeon Crawl Stone Soup version 0.31-a0-145-g046c7d2549 (webtiles) character file.

Game seed: 2274243258094950076

20777 Ge0ff the Zephyrmancer (level 12, 0/77 HPs)
             Began as an Octopode Delver on June 4, 2023.
             Was a High Priest of Fedhas.
             Slain by a cane toad (4 damage)
             ... on level 1 of the Lair of Beasts.
             The game lasted 00:46:55 (19524 turns).

Ge0ff the Zephyrmancer (Octopode Delver)           Turns: 19524, Time: 00:46:55

Health: 0/77       AC:  1    Str: 25    XL:     12   Next: 83%
Magic:  0/24       EV: 14    Int: 16    God:    Fedhas [*****.]
Gold:   1841       SH:  0    Dex: 13    Spells: 19/27 levels left

rFire   . . .        a - +3 dagger (vamp)
rCold   . . .        (no shield)
rNeg    + . .        (helmet restricted)
rPois   .            v - amulet of guardian spirit
rElec   .            Y - +6 ring of strength
rCorr   .            R - ring of willpower
SInv    .            E - +6 ring of strength
Will    +....        C - ring of positive energy
Stlth   ++++         (no ring)
HPRegen 0.32/turn    (no ring)
MPRegen 0.19/turn    (no ring)
                     (no ring)

%: guardian spirit
@: no status effects
A: almost no armour, amphibious, 8 rings, camouflage 1, gelatinous body 1,
(nimble swimmer 1), tentacles
a: Renounce Religion, Wall of Briars, Grow Ballistomycete, Overgrow, Grow Oklob


You were on level 1 of the Lair of Beasts.
You worshipped Fedhas.
Fedhas was extremely pleased with you.
You visited 3 branches of the dungeon, and saw 13 of its levels.

You collected 1923 gold pieces.
You spent 82 gold pieces at shops.

Inventory:

Hand Weapons
 a - a +3 vampiric dagger (weapon)
 b - a +1 dagger of electrocution
 h - a +0 falchion of flaming
 x - a +4 dagger
 y - a +4 short sword
 D - a +0 rapier
 G - a +3 long sword of freezing
 K - a +1 short sword of distortion
 P - a +2 trident of freezing
 V - a +2 dagger of draining
Missiles
 Q - 10 boomerangs
 U - 29 poisoned darts
Armour
 A - an orb of light
 S - a +0 buckler
Jewellery
 v - an amulet of guardian spirit (around mantle)
 C - a ring of positive energy (on tentacle)
 E - a +6 ring of strength (on tentacle)
 R - a ring of willpower (right tentacle)
 Y - a +6 ring of strength (left tentacle)
Wands
 d - a wand of digging (6)
 s - a wand of mindburst (1)
Scrolls
 i - a scroll of identify
 m - a scroll of magic mapping
 B - 4 scrolls of blinking
 F - 3 scrolls of fog
 J - 2 scrolls of silence {!r}
 M - 4 scrolls of enchant armour
 T - a scroll of teleportation
Potions
 q - 5 potions of curing
 u - 2 potions of mutation {!q}
 z - a potion of brilliance
 H - a potion of haste {!q}
 I - a potion of invisibility
 N - 3 potions of cancellation {!q}
 X - 3 potions of enlightenment
Miscellaneous
 l - a lightning rod (inert)
 n - a phial of floods (inert)
 O - a piece from Xom's chessboard (15/15)


   Skills:
 + Level 5.4 Fighting
 - Level 10.0 Short Blades
 - Level 2.0 Throwing
 - Level 4.0 Dodging
 - Level 7.0 Stealth
 - Level 5.0 Shields
 + Level 8.2 Spellcasting
 + Level 5.3 Conjurations
 - Level 5.0 Hexes
 - Level 10.0 Air Magic
 + Level 6.3 Invocations
 - Level 4.0 Evocations


You had 19 spell levels left.
You knew the following spells:

 Your Spells              Type           Power      Damage    Failure   Level
k - Shock                 Conj/Air       100%       1d9       1%          1
s - Confusing Touch       Hex            22%        N/A       4%          3
C - Airstrike             Air            19%        2d(3-19)  1%          4

Your spell library contained the following spells:

 Spells                   Type           Power      Damage    Failure   Level
 Slow                     Hex            88%        N/A       1%          1
 Swiftness                Air            38%        N/A       1%          3
 Necrotise                Necr           24%        1d5       11%         1
 Vampiric Draining        Necr           6%         2d6       32%         3
 Agony                    Necr           6%         N/A       97%         5


Dungeon Overview and Level Annotations

Branches:
Dungeon (11/15) Zot: 24952  Temple (1/1) D:6 Zot: 5914    Lair (1/5) D:9 Zot: 4911
    Orc (0/2) D:11

Altars:
Ashenzari
Cheibriados
Dithmenos
Elyvilon
Fedhas
Gozag
Hepliaklqana
Kikubaaqudgha
Makhleb
Nemelex Xobeh
Okawaru
Qazlal
Ru
Sif Muna
Trog
Uskayaw
Vehumet
Wu Jian
Xom
Yredelemnul
Zin
The Shining One

Shops:
D:1 ?

Portals:
Trove: D:11 (give 4 potions of resistance)

Annotations:
D:7 3 runed translucent doors, exclusion: 3 doors, bmj180's ghost, novice MfIE
D:11 3 runed translucent doors (mirror), exclusion: 3 doors, Gruesome's ghost, journeyman VSBr


Innate Abilities, Weirdness & Mutations

You cannot wear most types of armour.
You are amphibious.
You can wear up to eight rings at the same time.
Your skin changes colour to match your surroundings (Stealth+).
Your rubbery body absorbs attacks. (AC +1, EV +1)
((You are camouflaged when in or above water. (Stealth+)))
You have tentacles for arms and can constrict up to eight enemies at once.


Message History

You are no longer poisoned.
Casting: Airstrike (dangerous; 1% risk of failure)
Confirm with . or Enter, or press ? or * to list all spells.
You don't have enough magic to cast this spell.
Aiming: Mindburst
Press: ? - help, Shift-Dir - straight line, f - yak
Aim: a yak (chance to affect: 79%)
The yak's mind is blasted!!
You hit the yak but do no damage. You squeeze the yak.
The yak is severely wounded.
You hit the yak.
You feel better.
The yak is severely wounded.
The yak gores you!
* * * LOW HITPOINT WARNING * * *
You barely miss the yak. Your squeeze misses the yak.
The yak is severely wounded.
Aim the phial where?
Press: ? - help, Shift-Dir - straight line, f/p - yak
Aim: a yak (severely wounded)
The torrent of water hits the yak.
The yak is almost dead.
The yak is engulfed in water.
The wave splashes down.
Floosh!
You fall into the shallow water.
You hear an angry hiss. x2
An electric eel comes into view.
The yak misses you. The yak attacks as you move away! The yak gores you.
* * * LOW HITPOINT WARNING * * *
The cane toad seems less confused.
Aiming: Mindburst
Press: ? - help, Shift-Dir - straight line, f/p - yak
Aim: a yak (almost dead, waterlogged, chance to affect: 79%)
The yak's mind is blasted!
You blow up the yak!
Aiming: Throw Flame
Press: ? - help, Shift-Dir - straight line, f - cane toad
Aim: a cane toad (lightly wounded, 75% to hit)
The puff of flame hits the cane toad!
The cane toad is heavily wounded.
Aiming: Throw Flame
Press: ? - help, Shift-Dir - straight line, f/p - cane toad
Aim: a cane toad (heavily wounded, 75% to hit)
The puff of flame misses the cane toad.
The now-empty wand crumbles to dust.
The cane toad is engulfed in a cloud of scalding steam.
Aiming: Mindburst
Press: ? - help, Shift-Dir - straight line, f/p - cane toad
Aim: a cane toad (heavily wounded, chance to affect: 79%)
The cane toad's mind is blasted!
The cane toad stings you.
You die...

≈≈ ≈≈ ..# .. ≈≈ ..# ...
≈≈ ≈≈P♣ ..#.... ≈≈≈≈≈
P~~♣# ..#.. ≈≈≈≈≈≈ ~♣P#
....
≈≈≈≈≈~~~S~#######..#####
P≈~≈~~♣♣♣..#..8.#.......
♣~~~~~~~♣.......@# .
~~~~~~~♣♣..#8.>F8# ...
~P~PP~PP.....~§§†# ....
~~~~P~♣P...##§§~##>....
~~~PP♣♣~#+#.##'#~#..#
~P~~~♣...###........#
~♣~♣~~.#.#..........##
.♣~~...#....#...#....#
.#.......#..#....#.#[.#


You could see a cane toad.

Vanquished Creatures
  A two-headed ogre (D:10)
  A boulder beetle (D:11)
  An ugly thing (D:10)
  2 black mambas (Lair:1)
  A torpor snail (Lair:1)
  Maurice (D:10)
  4 cane toads
  An unseen horror (D:11)
  A kobold demonologist (D:10)
  4 komodo dragons
  A troll (D:11)
  A hornet (D:6)
  Grinder (D:3)
  5 slime creatures
  Sigmund (D:3)
  38 yaks
  2 shadows
  A wyvern (D:7)
  3 wraiths
  Eustachio (D:6)
  5 vampire mosquitoes
  2 steam dragons
  Menkaure (D:5)
  5 water moccasins
  4 orc warriors
  2 ice beasts
  Duvessa (D:6)
  5 black bears
  A wolf (Lair:1)
  4 ogres
  13 centaurs
  4 phantoms
  Blork the orc (D:5)
  2 kobold brigands
  6 bullfrogs
  11 wights
  Dowan (D:6)
  6 killer bees
  5 electric eels
  5 howler monkeys
  4 hounds
  4 jellies
  5 orc priests
  2 iguanas
  11 orc wizards
  8 adders
  A shadow imp (D:7)
  3 white imps
  An ufetubus (D:5)
  2 worms
  3 dart slugs (D:4)
  44 orcs
  9 ball pythons
  3 endoplasms
  3 giant cockroaches
  10 goblins
  11 hobgoblins
  2 jackals (D:2)
  8 quokkas
  8 bats
  6 frilled lizards
  16 kobolds
  5 rats
  A butterfly (D:6)
325 creatures vanquished.

Vanquished Creatures (collateral kills)
  17 ballistomycete spores
17 creatures vanquished.

Vanquished Creatures (others)
  2 centaurs (D:11)
  A ballistomycete spore (D:11)
3 creatures vanquished.

Grand Total: 345 creatures vanquished

Notes
Turn   | Place    | Note
-------+----------+-------------------------------------------
     0 | D:5      | Ge0ff the Octopode Delver began the quest for the Orb.
     0 | D:5      | Reached XP level 1. HP: 16/16 MP: 1/1
     8 | D:6      | Noticed a hound
   116 | D:4      | Noticed a wight
   116 | D:4      | Noticed a wight
   165 | D:4      | Found a blossoming altar of Fedhas.
   173 | D:4      | Became a worshipper of Fedhas Madash
   322 | D:2      | Reached XP level 2. HP: 21/21 MP: 2/2
   364 | D:2      | Reached XP level 3. HP: 26/26 MP: 3/3
   367 | D:2      | Learned a level 1 spell: Shock
   638 | D:1      | Found a faded altar of an unknown god.
   922 | D:1      | Reached * piety under Fedhas
   936 | D:1      | Found Mefiorum's Magic Scroll Shoppe.
   950 | D:1      | Bought a scroll of blinking for 82 gold pieces
  1048 | D:1      | Reached skill level 1 in Air Magic
  1290 | D:1      | Found Mefiorum's Magic Scroll Shoppe.
  1374 | D:1      | Found a faded altar of an unknown god.
  1712 | D:2      | Reached XP level 4. HP: 25/31 MP: 2/4
  1770 | D:2      | Reached skill level 1 in Conjurations
  1908 | D:2      | Found an ancient bone altar of Kikubaaqudgha.
  2367 | D:3      | Noticed Grinder
  2377 | D:3      | Killed Grinder
  2378 | D:3      | Reached skill level 1 in Spellcasting
  2378 | D:3      | Reached XP level 5. HP: 25/36 MP: 2/7
  2378 | D:3      | Reached XP level 6. HP: 29/42 MP: 2/8
  2561 | D:3      | Learned a level 4 spell: Airstrike
  2666 | D:3      | Noticed Sigmund
  2678 | D:3      | Killed Sigmund
  2679 | D:3      | Reached XP level 7. HP: 30/46 MP: 4/10
  3253 | D:3      | Reached ** piety under Fedhas
  4802 | D:4      | Reached XP level 8. HP: 52/52 MP: 6/12
  5141 | D:5      | Reached skill level 5 in Conjurations
  5141 | D:5      | Reached skill level 5 in Air Magic
  5263 | D:5      | Noticed Blork the orc
  5268 | D:5      | Killed Blork the orc
  5792 | D:5      | Reached *** piety under Fedhas
  5917 | D:5      | Noticed Menkaure
  6224 | D:5      | Learned a level 3 spell: Confusing Touch
  6955 | D:5      | Reached skill level 1 in Hexes
  6959 | D:5      | Killed Menkaure
  6960 | D:5      | Reached XP level 9. HP: 8/56 MP: 0/15
  7264 | D:6      | Noticed Eustachio
  7275 | D:6      | Killed Eustachio
  7361 | D:6      | Noticed Dowan
  7363 | D:6      | Noticed Duvessa
  7414 | D:6      | Upgraded the game from 0.31-a0-142-g31f6795574 to
                  | 0.31-a0-145-g046c7d2549
  7429 | D:6      | Reached skill level 5 in Spellcasting
  7436 | D:6      | Killed Duvessa
  8121 | D:6      | Killed Dowan
  8177 | D:6      | Reached **** piety under Fedhas
  8231 | D:6      | Noticed a hornet
  8235 | D:6      | Killed a hornet
  8236 | D:6      | Reached XP level 10. HP: 63/63 MP: 0/18
  8374 | D:6      | Found a shimmering altar of Xom.
  8752 | D:6      | Found a staircase to the Ecumenical Temple.
  8757 | Temple   | Entered the Ecumenical Temple
  9272 | D:7      | Found a runed translucent gate.
  9273 | D:7      | Found a runed translucent gate.
  9274 | D:7      | Found a runed translucent gate.
  9276 | D:7      | Noticed bmj180's ghost (novice MfIE)
  9879 | D:6      | Reached skill level 5 in Hexes
 10067 | D:7      | Reached skill level 10 in Air Magic
 11246 | D:7      | Reached skill level 1 in Throwing
 11246 | D:7      | Reached skill level 1 in Evocations
 11850 | D:8      | Reached skill level 1 in Invocations
 11851 | D:8      | Reached XP level 11. HP: 22/67 MP: 2/23
 11858 | D:8      | HP: 1/67 [yak (13)]
 12295 | D:8      | Reached skill level 5 in Short Blades
 12298 | D:8      | Reached ***** piety under Fedhas
 14066 | D:9      | Found a staircase to the Lair.
 14375 | D:9      | Found a burning altar of Makhleb.
 14616 | D:9      | Found a shadowy altar of Dithmenos.
 14700 | D:10     | Entered Level 10 of the Dungeon
 14989 | D:10     | Noticed Maurice
 14994 | D:10     | Killed Maurice
 15079 | D:10     | Noticed a two-headed ogre
 15274 | D:10     | Found Deyb's Armour Boutique.
 15393 | D:10     | Noticed a white ugly thing
 15435 | D:10     | Killed a white ugly thing
 15901 | D:10     | Killed a two-headed ogre
 15902 | D:10     | Reached skill level 5 in Invocations
 16133 | D:10     | Found an ornate altar of the Wu Jian Council.
 16133 | D:10     | Found a hazy altar of Hepliaklqana.
 16137 | D:10     | Found a white marble altar of Elyvilon.
 16137 | D:10     | Found a shimmering blue altar of Sif Muna.
 16357 | D:11     | Reached skill level 5 in Fighting
 16490 | D:11     | Found a staircase to the Orcish Mines.
 16519 | D:11     | Reached XP level 12. HP: 34/77 MP: 22/24
 17281 | D:11     | Reached skill level 10 in Short Blades
 17566 | D:11     | Found a runed translucent gate.
 17567 | D:11     | Found a runed translucent gate.
 17568 | D:11     | Found a runed translucent gate.
 17570 | D:11     | Noticed Gruesome's ghost (journeyman VSBr)
 17669 | D:11     | Identified the +0 short sword of Suwk {freeze, Dex+4}
 17682 | D:11     | Noticed a boulder beetle
 17697 | D:11     | Killed a boulder beetle
 17698 | D:11     | Reached skill level 1 in Shields
 17734 | D:11     | Found a portal to a secret trove of treasure.
 18208 | Lair:1   | Entered Level 1 of the Lair of Beasts
 18682 | Lair:1   | Identified a scroll of acquirement
 18683 | Lair:1   | Acquired 1147 gold pieces
 18973 | Lair:1   | Reached skill level 5 in Shields
 19519 | Lair:1   | HP: 2/77 [yak[a torpor snail] (4)]
 19524 | Lair:1   | Slain by a cane toad

Illustrated notes

Levels and vault maps discovered:
D:1:      dpeg_arrival_simpleton_b, layout_basic, basic_ecumenical_altar,
          serial_shops, shop
D:2:      layout_rooms, basic_altar
D:3:      layout_loops_cross, grunt_ministairs_5, kennysheep_nub,
          minmay_quadrilaterals, uniq_sigmund, uniq_grinder
D:4:      layout_basic, nicolae_overflow_crystal_walls, minmay_tree_intersection
D:5:      layout_basic, serial_rivers, chequers_serial_rivers_small_3,
          chequers_serial_rivers_large_a, chequers_serial_rivers_small_b,
          chequers_serial_rivers_large_b, chequers_serial_rivers_room_a,
          chequers_serial_rivers_room_b, uniq_menkaure, uniq_blork_the_orc
D:6:      layout_basic, xom_butterflies, minmay_temple_entry_proselytizer,
          small_statue_intersection, uniq_duvessa, uniq_eustachio
D:7:      layout_basic, gammafunk_ghost_nasty_kobolds, st_stairs_9,
          reono_crystal_passage, serial_bayou_ford_a, grunt_potential
D:8:      layout_basic
D:9:      layout_loops_ring, mainiacjoe_overflow_six_doors_small,
          grunt_dithmenos_shadows, david_lair_shrubbed
D:10:     layout_basic, grunt_temple_overflow_open, serial_shops, shop,
          kennysheep_big_empty_room, nicolae_figureground_sparkle, uniq_maurice
D:11:     layout_roguey, david_orc_2, nicolae_trove_entry_free_sample,
          gammafunk_ghost_spectres
Temple:   nicolae_temple_great_sept
Lair:1:   layout_regular_city, serial_bayou, serial_bayou_lake_a,
          serial_bayou_pond_a, serial_bayou_shore_a, serial_bayou_pond_b,
          grunt_megastairs_2

Skill      XL: |  1  2  3  4  5  6  7  8  9 10 11 12 |
---------------+-------------------------------------+-----
Short Blades   | 3 4 8 10 | 10.0
Air Magic      | 1 3 4 7 9 10 | 10.0
Conjurations   | 3 4 5 |  5.3
Spellcasting   | 1 2 4 5 8 |  8.2
Hexes          | 1 4 5 |  5.0
Throwing       | 1 2 |  2.0
Evocations     | 1 4 |  4.0
Stealth        | 7 |  7.0
Invocations    | 1 5 6 |  6.3
Dodging        | 3 4 |  4.0
Fighting       | 5 |  5.4
Shields        | 5 |  5.0

Action                     |  1- 3 |  4- 6 |  7- 9 | 10-12 || total
---------------------------+-------+-------+-------+-------++-------
  Melee: Short sword       |    73 |    16 |    11 |       ||   100
         Tentacles         |    19 |     6 |    25 |    99 ||   149
         Constrict         |    16 |     2 |    14 |    20 ||    52
         Unarmed           |       |       |     8 |    12 ||    20
         Dagger            |       |       |    93 |   361 ||   454
         Punch             |       |       |     1 |     9 ||    10
   Cast: Shock             |    20 |    32 |   180 |   123 ||   355
         Confusing Touch   |       |       |     8 |    37 ||    45
         Airstrike         |       |       |    19 |   125 ||   144
 Invoke: Grow Ballistomyce |       |       |       |     3 ||     3
         Wall of Briars    |       |       |       |     1 ||     1
  Evoke: Wand              |       |       |       |    20 ||    20
         Lightning rod     |       |       |       |     9 ||     9
         Phial of floods   |       |       |       |     2 ||     2
    Use: Scroll            |     2 |     4 |     8 |    13 ||    27
         Potion            |     1 |       |     3 |     7 ||    11
   Stab: Sleeping          |    12 |     2 |     4 |    16 ||    34
         Confused          |       |       |     8 |    34 ||    42
         Invisible         |       |       |       |     1 ||     1
 Armour: Skin              |     8 |     3 |    11 |    29 ||    51
  Dodge: Dodged            |    49 |    15 |    75 |   195 ||   334

Table legend: (Time is in decaauts)
 A = Elapsed time spent in this place.
 B = Non-inter-level travel time spent in this place.
 C = Inter-level travel time spent in this place.
 D = Time resting spent in this place.
 E = Time spent auto-exploring this place.
 F = Levels seen in this place.
 G = Mean time per level.
                   A        B        C        D        E       F      G
               +--------+--------+--------+--------+--------+-----+--------+
         Total |  19380 |  18816 |    564 |   2345 |  13406 |  13 | 1490.8 |
       Dungeon |  18207 |  17654 |    553 |   2310 |  12501 |  11 | 1655.2 |
        Temple |     85 |     74 |     11 |      0 |     63 |   1 |   85.0 |
          Lair |   1087 |   1087 |      0 |     35 |    841 |   1 | 1087.0 |
               +--------+--------+--------+--------+--------+-----+--------+

Top non-repeatable levels by time:
     D:7: 2252 daAuts
     D:5: 2240 daAuts
     D:8: 2005 daAuts
     D:6: 1980 daAuts
    D:11: 1779 daAuts
    D:10: 1642 daAuts
     D:4: 1594 daAuts
     D:3: 1552 daAuts
     D:9: 1267 daAuts
     D:1: 1260 daAuts
  Lair:1: 1087 daAuts
     D:2: 631 daAuts
  Temple: 85 daAuts
